 Dungeon Crawl Stone Soup version 0.19.1 (webtiles) character file.

1584 Patate the Covert (level 8, 0/40 HPs)
             Began as a Spriggan Enchanter on Dec 4, 2016.
             Killed from afar by a steam dragon (18 damage)
             ... with a ball of steam
             ... on level 5 of the Dungeon.
             The game lasted 00:27:47 (6463 turns).

Patate the Covert (Spriggan Enchanter)              Turns: 6463, Time: 00:27:47

Health: 0/40       AC:  4    Str:  6    XL:     8   Next: 61%
Magic:  3/13       EV: 25    Int: 16    God:
Gold:   241        SH:  0    Dex: 17    Spells: 2 memorised, 7 levels left

rFire  . . .     SeeInvis +     a - +2 dagger
rCold  . . .     Gourm    .     j - +2 robe {rN+}
rNeg   + . .     Faith    .     (shield restricted)
rPois  .         Spirit   .     (helmet restricted)
rElec  .         Reflect  .     (no cloak)
rCorr  .         Harm     .     (gloves unavailable)
MR     +....                    (boots unavailable)
Stlth  ++++++....               k - amulet of regeneration
                                (no ring)
                                e - ring of stealth

@: very quick
A: unfitting armour, see invisible, herbivore 3, speed 3, slow metabolism 2
a: no special abilities


You were on level 5 of the Dungeon.
You were near starving.

You visited 1 branch of the dungeon, and saw 5 of its levels.

You collected 241 gold pieces.

Inventory:

Hand Weapons
 a - a +2 dagger (weapon)
Armour
 j - a +2 robe of positive energy (worn)
Jewellery
 e - a ring of stealth (left hand)
 k - an amulet of regeneration (around neck)
Wands
 l - a wand of heal wounds (5/9)
 s - a wand of polymorph (17/24)
 u - a wand of flame (32/48)
Scrolls
 b - a scroll of amnesia
 p - a scroll of immolation {unknown}
 q - a scroll of recharging
Potions
 f - 3 potions of curing
 g - a potion of berserk rage
 h - 2 potions of mutation
 n - 5 potions of flight
 o - a potion of invisibility
 r - a potion of ambrosia
 t - a potion of heal wounds {unknown}
Books
 c - a book of Maledictions

   Spells                             Type                      Level
   a - Corona                         Hexes                        1
   b - Ensorcelled Hibernation        Hexes/Ice                    2
   c - Confuse                        Hexes                        3
   d - Tukima's Dance                 Hexes                        3
   e - Dazzling Spray                 Conjuration/Hexes            3
 i - a book of Air

   Spells                             Type                      Level
   a - Shock                          Conjuration/Air              1
   b - Swiftness                      Charms/Air                   2
   c - Repel Missiles                 Charms/Air                   2
   d - Static Discharge               Conjuration/Air              3
   e - Lightning Bolt                 Conjuration/Air              5
Comestibles
 d - 3 bread rations
 m - 4 fruits


   Skills:
 + Level 3.5 Fighting
 + Level 4.8 Short Blades
 - Level 9.1 Dodging
 - Level 10.8 Stealth
 - Level 2.6 Spellcasting
 - Level 3.6 Hexes


You had 7 spell levels left.
You knew the following spells:

 Your Spells              Type           Power        Failure   Level  Hunger
b - Confuse               Hex            ##......     14%         3    ###....
c - Ensorcelled Hibernat  Hex/Ice        #.....       17%         2    ##.....


Dungeon Overview and Level Annotations

Branches:
Dungeon (5/15)             Temple (0/1) D:5

Altars:
Fedhas
Gozag
Hepliaklqana
Kikubaaqudgha
Zin

Shops:
D:5 %

Annotations:
D:5 Menkaure, Pikel


Innate Abilities, Weirdness & Mutations

You are very small and have problems with some larger weapons.
You are too small for most types of armour.
You have supernaturally acute eyesight. (SInv)
You are a herbivore.
You cover ground extremely quickly.
You need consume almost no food.


Message History

The steam dragon is lightly wounded.
You completely miss the steam dragon.
The steam dragon is lightly wounded.
The steam dragon breathes steam at you. The ball of steam misses you.
You barely miss the steam dragon.
The steam dragon is lightly wounded.
You are engulfed in a cloud of scalding steam.
The steam dragon barely misses you. The steam dragon closely misses you.
You are engulfed in a cloud of scalding steam.
Casting: Ensorcelled Hibernation
Confirm with . or Enter, or press ? or * to list all spells.
Aiming: Ensorcelled Hibernation
Press: ? - help, Shift-Dir - straight line, f/p - steam dragon
Aim: a steam dragon (lightly wounded, catching its breath, not susceptible)
The steam dragon is unaffected.
The steam dragon barely misses you. The steam dragon completely misses you.
The steam dragon breathes steam at you. The ball of steam hits you!
You die...

.##...####........ . ..#....
.##...####........ #. #.#....
.##...#.........## #[.#.###.#
......#)........#########.#.###..
................#.[....##........
...#.............................
...#....#.........§..............
...######..........§†......>..#'#
...# #.......@.§.....#######.#
...# #.......§D..§...#.# ###.#
...# ###############...###...#
#### ###.......# #......#.#
#..#####.# #........# #....#####
#.##.#


You could see a steam dragon.

Vanquished Creatures
  Grinder (D:4)
  Prince Ribbit (D:4)
  Sigmund (D:4)
  The ghost of Patate the Covert, an amateur SpEn (D:4)
  Edmund (D:5)
  An ogre (D:5)
  A bullfrog (D:4)
  A water moccasin skeleton (D:3)
  A hound (D:4)
  An orc priest (D:4)
  A bullfrog zombie (D:5)
  A gnoll shaman (D:4)
  An orc wizard (D:5)
  A centaur skeleton (D:4)
  An iguana (D:4)
  6 worker ants
  8 gnolls
  8 adders
  A howler monkey skeleton (D:4)
  3 oozes
  An adder skeleton (D:5)
  2 worms
  4 dart slugs
  3 leopard geckos
  10 orcs
  A ball python (D:3)
  3 giant cockroaches
  4 goblins
  9 hobgoblins
  11 jackals
  A quokka (D:3)
  5 bats
  5 frilled lizards
  5 kobolds
  A quokka skeleton (D:4)
  6 rats
112 creatures vanquished.

Notes
Turn   | Place    | Note
-------+----------+-------------------------------------------
     0 | D:1      | Patate the Spriggan Enchanter began the quest for the Orb.
     0 | D:1      | Reached XP level 1. HP: 9/9 MP: 5/5
   537 | D:1      | Reached skill level 5 in Stealth
   537 | D:1      | Reached XP level 2. HP: 10/13 MP: 6/6
  1402 | D:1      | Reached XP level 3. HP: 12/16 MP: 8/8
  1420 | D:1      | Reached skill level 6 in Stealth
  1635 | D:1      | Learned a level 3 spell: Confuse
  1638 | D:1      | Learned a level 2 spell: Ensorcelled Hibernation
  1957 | D:2      | Found a hazy altar of Hepliaklqana.
  2207 | D:2      | Reached XP level 4. HP: 21/21 MP: 9/9
  2379 | D:2      | Reached skill level 5 in Dodging
  2717 | D:3      | Reached skill level 7 in Stealth
  2717 | D:3      | Reached XP level 5. HP: 21/24 MP: 10/10
  2972 | D:3      | Found an ancient bone altar of Kikubaaqudgha.
  3541 | D:4      | Reached skill level 8 in Stealth
  3571 | D:4      | Reached XP level 6. HP: 25/28 MP: 11/11
  3644 | D:4      | Noticed Grinder
  3705 | D:4      | Killed Grinder
  3705 | D:4      | Reached skill level 9 in Stealth
  3905 | D:4      | Found an opulent altar of Gozag.
  3905 | D:4      | Found a glowing silver altar of Zin.
  3990 | D:4      | Noticed Sigmund
  3997 | D:4      | Killed Sigmund
  3997 | D:4      | Reached skill level 10 in Stealth
  3997 | D:4      | Reached XP level 7. HP: 32/32 MP: 12/12
  4023 | D:4      | Noticed Patate's ghost (amateur SpEn)
  4399 | D:4      | Killed Patate's ghost
  4563 | D:5      | Entered Level 5 of the Dungeon
  4572 | D:5      | Reached skill level 1 in Fighting
  4699 | D:5      | Reached XP level 8. HP: 37/37 MP: 8/13
  4792 | D:5      | Found a blossoming altar of Fedhas.
  4836 | D:5      | Noticed Prince Ribbit
  4861 | D:5      | Noticed Pikel
  5617 | D:5      | Found Noorijot's Food Emporium.
  5626 | D:5      | Noticed Menkaure
  5836 | D:4      | Killed Prince Ribbit
  6046 | D:5      | Found a staircase to the Ecumenical Temple.
  6360 | D:5      | Noticed Edmund
  6368 | D:5      | Killed Edmund
  6463 | D:5      | Killed from afar by a steam dragon

Skill      XL: |  1  2  3  4  5  6  7  8 |
---------------+-------------------------+-----
Stealth        | 5 6 7 8 10 | 10.8
Dodging        | 4 5 6 8 9 |  9.1
Fighting       | 1 3 |  3.5
Short Blades   | 2 4 |  4.8
Spellcasting   | |  2.6
Hexes          | |  3.6

Action                   |  1- 3 |  4- 6 |  7- 9 || total
-------------------------+-------+-------+-------++-------
Melee: Dagger            |   184 |   211 |   217 ||   612
 Cast: Ensorcelled Hiber |     3 |     6 |    36 ||    45
       Corona            |     2 |       |       ||     2
       Confuse           |     1 |     2 |    12 ||    15
  Use: Scroll            |     4 |    11 |     1 ||    16
       Potion            |     1 |       |       ||     1
 Stab: Sleeping          |    15 |    19 |    15 ||    49
       Confused          |       |     2 |     6 ||     8
       Distracted        |       |       |     3 ||     3
  Eat: Bread ration      |       |     1 |       ||     1
       Fruit             |       |       |     1 ||     1
Armor: Robe              |    22 |    18 |    18 ||    58
Dodge: Dodged            |   155 |   176 |   220 ||   551
